 Dungeon Crawl Stone Soup version 0.21-a0-110-g8e1637b (webtiles) character file.

95 Alarkh the Chopper (level 4, -2/36 HPs)
             Began as a Demonspawn Monk on July 8, 2017.
             Slain by a leopard gecko (4 damage)
             ... in a sewer.
             The game lasted 00:02:51 (2024 turns).

Alarkh the Chopper (Demonspawn Monk)                Turns: 2024, Time: 00:02:51

Health: -2/36      AC:  6    Str: 11    XL:     4   Next: 40%
Magic:  4/4        EV: 11    Int: 12    God:
Gold:   23         SH:  0    Dex: 16    Spells: 3/3 levels left

rFire    . . .     SeeInvis .   a - +0 hand axe
rCold    . . .     Gourm    .   (no shield)
rNeg     . . .     Faith    .   i - +0 ring mail
rPois    .         Spirit   .   (helmet restricted)
rElec    .         Reflect  .   (no cloak)
rCorr    .         Harm     .   (no gloves)
MR       .....                  (no boots)
Stlth    ++........             (no amulet)
HPRegen  0.12/turn              d - ring of wizardry
MPRegen  0.09/turn              (no ring)

@: no status effects
A: antennae 1, rugged brown scales 1, nightstalker 1
a: no special abilities


You were in a sewer.
You were not hungry.

You visited 1 branch of the dungeon, and saw 3 of its levels.
You also visited: Sewer.

You collected 23 gold pieces.

Inventory:

Hand Weapons
 a - a +0 hand axe (weapon)
Armour
 b - a +0 robe
 i - a +0 ring mail (worn)
Jewellery
 d - a ring of wizardry (left hand)
Wands
 h - a wand of random effects (23/48)
Scrolls
 e - 2 scrolls of identify
Comestibles
 c - 4 bread rations
 f - 4 chunks of flesh
 g - a royal jelly


   Skills:
 - Level 3.0 Fighting
 + Level 4.7 Axes
 - Level 2.6 Dodging
 - Level 1.7 Stealth


You had 3 spell levels left.
You didn't know any spells.

Dungeon Overview and Level Annotations

Branches:
Dungeon (3/15)

Altars:

Annotations:
D:2 Natasha


Innate Abilities, Weirdness & Mutations

You have a pair of small antennae on your head.
You are partially covered in rugged brown scales. (AC +1, +3% HP)
You are slightly more attuned to the shadows.


Message History

The leopard gecko hisses angrily.
The ball python bites you but does no damage.
The ball python closely misses you.
You hit the ball python.
The ball python is severely wounded.
The ball python bites you but does no damage.
The ball python closely misses you. The ball python barely misses you.
The ball python closely misses you.
You hit the ball python.
You kill the ball python!
You closely miss the leopard gecko. The leopard gecko bites you.
* * * LOW HITPOINT WARNING * * *
You closely miss the leopard gecko. You completely miss the frilled lizard.
You barely miss the leopard gecko. The leopard gecko closely misses you.
The leopard gecko bites you but does no damage.
The frilled lizard barely misses you.
You barely miss the leopard gecko. You hit the leopard gecko.
You kill the leopard gecko!
You hit the frilled lizard. The leopard gecko bites you.
You die...

...#
#..#
##..##
##....#
#...∩.##
#......#
#....l∩#
##..l†##
##.l@#
#####


You could see a leopard gecko and 2 frilled lizards.

Vanquished Creatures
  Natasha (D:2)
  2 adders (D:3)
  An ooze (D:1)
  A worm (D:2)
  3 dart slugs (D:1)
  5 leopard geckos
  A ball python (Sewer)
  A giant cockroach (D:3)
  2 goblins (D:1)
  2 hobgoblins
  4 kobolds
  5 bats (D:1)
  2 frilled lizards
  6 rats
36 creatures vanquished.

Notes
Turn   | Place    | Note
-------+----------+-------------------------------------------
     0 | D:1      | Alarkh the Demonspawn Monk began the quest for the Orb.
     0 | D:1      | Reached XP level 1. HP: 18/18 MP: 1/1
    95 | D:1      | Reached skill level 3 in Axes
   333 | D:1      | Gained mutation: You are slightly more attuned to the shadows. [demonic ancestry]
   333 | D:1      | Reached XP level 2. HP: 13/24 MP: 2/2
  1094 | D:1      | Gained mutation: You are partially covered in rugged brown scales. (AC +1, +3% HP) [demonic ancestry]
  1094 | D:1      | Reached XP level 3. HP: 24/29 MP: 3/3
  1438 | D:2      | Reached skill level 4 in Axes
  1634 | D:2      | Noticed Natasha
  1658 | D:2      | Killed Natasha
  1669 | D:2      | Noticed Natasha
  1695 | D:3      | Gained mutation: You have a pair of small antennae on your head. [demonic ancestry]
  1695 | D:3      | Reached XP level 4. HP: 9/36 MP: 4/4
  2009 | D:3      | Found a glowing drain.
  2016 | Sewer    | Entered a sewer
  2024 | Sewer    | Slain by a leopard gecko

Vault maps used:
D:1:      dpeg_arrival_simpleton_a
D:2:      wad_lake_hut, nicolae_overflow_crystal_walls, uniq_natasha
D:3:      nicolae_ru_the_path_less_chosen, gup_sewer_entry_bubbles,
          chequers_ecumenical_altar_simple
Sewer:    sewer_fruit_machine

Skill      XL: |  1  2  3 |
---------------+----------+-----
Axes           | 3 4 |  4.7
Fighting       | |  3.0
Dodging        | |  2.6
Stealth        | |  1.7

Action                   |  1- 3 |  4- 6 || total
-------------------------+-------+-------++-------
Melee: Hand axe          |   103 |    44 ||   147
  Use: Potion            |     1 |       ||     1
       Scroll            |     2 |       ||     2
 Stab: Invisible         |     2 |       ||     2
       Sleeping          |     5 |       ||     5
       Distracted        |     1 |       ||     1
  Eat: Chunk             |     2 |     2 ||     4
Armor: Ring mail         |    31 |    18 ||    49
Dodge: Dodged            |    59 |    39 ||    98
